[Event "Early-Titled-Tuesday-Blitz-April-16-2024"]
[Site "Chess.com"]
[Date "2024.04.16"]
[Round "3"]
[White "SahibSinghKnight"]
[Black "emeli_chess"]
[Result "1-0"]
[WhiteElo "2630"]
[BlackElo "2461"]
[TimeControl "180+1"]
[EndTime "8:28:12 PDT"]
[Termination "SahibSinghKnight won by resignation"]

1. e4 e5 2. Nf3 Nc6 3. Bb5 a6 4.
Ba4 Nf6 5. O-O Nxe4 6. d4 b5 7. Bb3 d5 8. dxe5 Be6 9. Nbd2 Bc5 10. Qe2 Bf5 11. c3 O-O 12. Nxe4 dxe4 13. Ng5 Qd3 14. Qxd3 exd3 15. Be3 Bb6 16. Bd5 Nxe5 17. Bxa8 Rxa8 18. Bxb6 cxb6 19. Rad1 f6 20. Nf3 Nxf3+ 21. gxf3 Re8 22. Rfe1 Re2 23. Rxe2 dxe2 24. Re1 Bd3 25. f4 Kf7 26. f3 a5 27. Kf2 b4 28. cxb4 axb4 29.
Rc1 Kg6 30. Rc7 h5 31. Rb7 h4 32. Rxb6 Kf5 33. Rd6 Bc4 34. b3 1-0

[Event "Early-Titled-Tuesday-Blitz-April-16-2024"]
[Site "Chess.com"]
[Date "2024.04.16"]
[Round "3"]
[White "GiorgianBarbosa"]
[Black "schachlana"]
[Result "0-1"]
[WhiteElo "2483"]
[BlackElo "2286"]
[TimeControl "180+1"]
[EndTime "8:28:12 PDT"]
[Termination "schachlana won on time"]

1. c4 g6 2. g3 Bg7 3. Bg2 c5 4. Nc3 d6 5. e3 e5 6. Nge2 Ne7 7. Nd5 O-O 8. Nec3 Nbc6 9. O-O Be6 10. Rb1 f5 11. a3 e4 12. d3 exd3 13. Qxd3 Ne5 14.
Qe2 Rb8 15. b4 cxb4 16. axb4 Rc8 17. c5 dxc5 18. Rd1 Nxd5 19. Nxd5 c4 20. Bb2 Qe8 21. Bc3 Nd3 22. Nf4 Bxc3 23. Nxe6 Qxe6 24. Bxb7 Rb8 25. Bg2 Kh8 26. Qc2 Bg7 27. b5 Rfd8 28. Bf1 Qe4 29. Rd2 g5 30. Rbd1 f4 0-1

[Event "Early-Titled-Tuesday-Blitz-April-16-2024"]
[Site "Chess.com"]
[Date "2024.04.16"]
[Round "3"]
[White "Nechitaylo_Nikita"]
[Black "DonJuanEGenaro"]
[Result "0-1"]
[WhiteElo "2324"]
[BlackElo "2008"]
[TimeControl "180+1"]
[EndTime "8:28:12 PDT"]
[Termination "DonJuanEGenaro won on time"]

1. d4 d5 2. c4 e6 3. Nc3 c5 4. cxd5 cxd4 5. Qa4+ b5 6. Qxd4 Nf6 7. e3 a6 8. dxe6 Bxe6 9. Qxd8+ Kxd8 10. Bd2 Nc6 11. Be2 Nb4 12. O-O-O Nxa2+ 13. Nxa2 Bxa2 14. Ba5+ Ke8 15. b4 Rc8+ 16. Kb2 Bc4 17. Bf3 Rb8 18. Bc6+ Ke7 19.
Nf3 g5 20. Bc7 Rc8 21. Bd6+ Ke6 22. Bb7 Bxd6 23. Nxg5+ Kf5 24. Bxc8+ Kxg5 25. f4+ Kg6 26. Bxa6 Bxb4 27. h4 h5 0-1

[Event "Early-Titled-Tuesday-Blitz-April-16-2024"]
[Site "Chess.com"]
[Date "2024.04.16"]
[Round "3"]
[White "wonderfultime"]
[Black "biostatistician"]
[Result "1-0"]
[WhiteElo "2994"]
[BlackElo "2617"]
[TimeControl "180+1"]
[EndTime "8:28:14 PDT"]
[Termination "wonderfultime won by resignation"]

1. d4 Nf6 2. Nf3 g6 3. Bg5 Bg7 4. Nbd2 O-O 5. c3 b6 6. e4 Bb7 7. e5 Ne4 8. Nxe4 Bxe4 9. Bc4 d5 10. Bd3 c5 11. Qe2 Bxd3 12. Qxd3 Nc6 13. O-O f6 14. exf6 exf6 15. Bf4 c4 16. Qc2 Qd7 17. Rfe1 Rfe8 18. h4 b5 19. b3 Rxe1+ 20. Rxe1 Re8 21. Rxe8+ Qxe8 22. bxc4 dxc4 23. d5 Ne5 24. Bxe5 fxe5 25. Qe4 Qe7 26. g3 Qa3 27. Qg4 e4 28. Qe6+ Kh8 29.
Ng5 h6 30. Nxe4 Qxa2 31. d6 Qa6 32. Qe8+ Kh7 33. d7 1-0

[Event "Early-Titled-Tuesday-Blitz-April-16-2024"]
[Site "Chess.com"]
[Date "2024.04.16"]
[Round "3"]
[White "IPAchess"]
[Black "tarno17"]
[Result "1-0"]
[WhiteElo "2357"]
[BlackElo "2127"]
[TimeControl "180+1"]
[EndTime "8:28:14 PDT"]
[Termination "IPAchess won by resignation"]

1. d4 d5 2. c4 e6 3. Nf3 Nf6 4. Nc3 Be7 5. cxd5 exd5 6. Bf4 O-O 7. h3 b6 8. e3 Bb7 9. Bd3 Nbd7 10. O-O c5 11.
Ne5 Ne4 12. Rc1 Ndf6 13. f3 Nxc3 14. bxc3 Nh5 15. Bh2 Bh4 16. f4 g6 17. Qg4 f5 18.
Qf3 Bf6 19. g4 fxg4 20. hxg4 Ng7 21. Qg2 Rc8 22. f5 g5 23. Bg3 Re8 24. Qh2 Qe7 25. Qh6 Rcd8 26. Rc2 Bc8 27. Rh2 Ne6 28. fxe6 Bxe6 29.
Qxf6 Qxf6 30. Rxf6 Bc8 31. Bxh7+ Kg7 32. Rf7+ 1-0

[Event "Early-Titled-Tuesday-Blitz-April-16-2024"]
[Site "Chess.com"]
[Date "2024.04.16"]
[Round "3"]
[White "Yonousomodulo"]
[Black "Meri-Arabidze"]
[Result "0-1"]
[WhiteElo "2430"]
[BlackElo "2686"]
[TimeControl "180+1"]
[EndTime "8:28:15 PDT"]
[Termination "Meri-Arabidze won by resignation"]

1. c4 Nf6 2. g3 e6 3. Bg2 d5 4. Nf3 dxc4 5. Qa4+ Nbd7 6. Qxc4 c5 7. Qc2 Rb8 8. O-O b6 9. d4 Bb7 10. Rd1 Rc8 11.
Nc3 Be7 12. dxc5 Bxc5 13. Bg5 Qe7 14. a3 h6 15. Bxf6 Nxf6 16. b4 Bxf2+ 17. Kxf2 Rxc3 18.
Qb2 O-O 19. Kg1 Rfc8 20. Nd4 Bxg2 21. Kxg2 Nd5 22. Rd3 Rxd3 23. exd3 Qf6 24. Qf2 Qg5 25. Re1 Rc3 26. h4 Qg6 27. Re4 Rxd3 28. Qe1 Rxg3+ 29. Qxg3 Qxe4+ 30. Nf3 Nf4+ 31. Kh2 Qe2+ 32. Kh1 e5 33. Qg4 Qf1+ 34. Kh2 f5 35. Qg3 Qe2+ 36. Kh1 b5 37. Ng1 Qe4+ 38. Kh2 Nh5 39. Qg6 Qxh4+ 40. Nh3 Qxh3+ 0-1

[Event "Early-Titled-Tuesday-Blitz-April-16-2024"]
[Site "Chess.com"]
[Date "2024.04.16"]
[Round "3"]
[White "HighLawView"]
[Black "kekic76"]
[Result "0-1"]
[WhiteElo "2099"]
[BlackElo "2356"]
[TimeControl "180+1"]
[EndTime "8:28:15 PDT"]
[Termination "kekic76 won by resignation"]

1. e4 c6 2. Nc3 d5 3. Nf3 Bg4 4. h3 Bh5 5. Be2 e6 6. O-O Nf6 7. d3 Be7 8. Bf4 O-O 9. Qd2 dxe4 10. dxe4 Qxd2 11. Bxd2 Nbd7 12. Bf4 Nc5 13. e5 Nd5 14. Bg3 Nxc3 15. bxc3 Ne4 16. Rab1 Bxf3 17. Bxf3 Nd2 18. Rxb7 Nxf1 19. Kxf1 Bc5 20. Bxc6 Rac8 21. Be4 Bb6 22. Bd3 Rxc3 23. Bh4 g6 24. a3 h5 25. Bf6 Rfc8 26.
a4 R3c7 27. Rxc7 Rxc7 28. Ke2 Rc5 29. g4 hxg4 30. hxg4 Ra5 31. Bb5 a6 32. Bd7 Rc5 33. Bc8 Rxc8 0-1

[Event "Early-Titled-Tuesday-Blitz-April-16-2024"]
[Site "Chess.com"]
[Date "2024.04.16"]
[Round "3"]
[White "Kildepiotr"]
[Black "David_George21"]
[Result "1-0"]
[WhiteElo "2695"]
[BlackElo "2317"]
[TimeControl "180+1"]
[EndTime "8:28:16 PDT"]
[Termination "Kildepiotr won on time"]

1. Nf3 c5 2. e4 d6 3. Bb5+ Nd7 4. c3 a6 5. Ba4 Nf6 6. Bc2 c4 7. b3 b5 8. bxc4 bxc4 9. Na3 Bb7 10. Qe2 Nc5 11.
Nxc4 Nfxe4 12. Rb1 Qc7 13. Ba3 d5 14. Nb6 Rd8 15. O-O e6 16. Na4 Bd6 17. Nxc5 Nxc5 18. Ng5 h6 19. Nxe6 Nxe6 20. Bxd6 Rxd6 21. Qe5 Bc6 22.
Rb4 O-O 23. Rg4 g6 24. h4 Ng7 25. h5 Nxh5 26. Qxh5 Kh7 27. Rh4 f5 28. Qxh6+ Kg8 29. Qh8+ Kf7 30. Rh7+ Ke8 31. Re1+ 1-0

[Event "Early-Titled-Tuesday-Blitz-April-16-2024"]
[Site "Chess.com"]
[Date "2024.04.16"]
[Round "3"]
[White "vangulio"]
[Black "BenchGM"]
[Result "1-0"]
[WhiteElo "2565"]
[BlackElo "2307"]
[TimeControl "180+1"]
[EndTime "8:28:16 PDT"]
[Termination "vangulio won by checkmate"]

1. e4 c5 2. Nf3 e6 3. d4 cxd4 4. Nxd4 Nc6 5. Nc3 Qc7 6. g3 a6 7. Bg2 b5 8. Nxc6 Qxc6 9. O-O Bb7 10. Re1 Nf6 11. a4 b4 12. Nd5 Bc5 13. Bf4 d6 14. c3 bxc3 15. b4 Ba7 16. Rc1 Nxd5 17. exd5 Qb6 18.
Be3 Qxb4 19. Rb1 Qc4 20. Rxb7 Bxe3 21. Rxe3 c2 22. Qc1 e5 23. Rbb3 Rc8 24. Bh3 Rc7 25. Rb8+ Ke7 26. Rxh8 Qxd5 27. Re1 Qb3 28. Bf5 Qxa4 29. Qg5+ f6 30. Qxg7# 1-0

[Event "Early-Titled-Tuesday-Blitz-April-16-2024"]
[Site "Chess.com"]
[Date "2024.04.16"]
[Round "3"]
[White "Predator0608"]
[Black "HanSchut"]
[Result "1-0"]
[WhiteElo "2567"]
[BlackElo "2310"]
[TimeControl "180+1"]
[EndTime "8:28:18 PDT"]
[Termination "Predator0608 won by resignation"]

1. f4 d5 2. Nf3 g6 3. g3 Nh6 4.
Bg2 Bg7 5. O-O O-O 6. d3 f6 7. e4 c6 8. Nc3 Nf7 9. d4 dxe4 10.
Nxe4 e5 11. dxe5 fxe5 12. fxe5 Nxe5 13. Nxe5 Bxe5 14. Qxd8 Rxd8 15. Bg5 Re8 16. Rae1 Bd7 17. Bf6 Bc7 18. Bd4 Bd8 19. Nd6 Rxe1 20. Rxe1 Na6 21. Nxb7 Nb4 22. Bc5 Bb6 23. Rd1 Bf5 24.
c3 Nd3 25. Bxb6 axb6 26. Nd6 Rd8 27. Nxf5 gxf5 28. Bf1 1-0

[Event "Early-Titled-Tuesday-Blitz-April-16-2024"]
[Site "Chess.com"]
[Date "2024.04.16"]
[Round "3"]
[White "AsaHoffmann"]
[Black "RafalBRC"]
[Result "1-0"]
[WhiteElo "2403"]
[BlackElo "2191"]
[TimeControl "180+1"]
[EndTime "8:28:18 PDT"]
[Termination "AsaHoffmann won on time"]

1. d4 Nf6 2. Bg5 d5 3. Nd2 Nbd7 4. f4 c5 5. c3 Qb6 6. Qb3 cxd4 7. Qxb6 Nxb6 8. cxd4 Bd7 9. e3 Rc8 10. Bd3 e6 11. a3 Na4 12. Rb1 Ng4 13. Ke2 h6 14. Bh4 Bxa3 15. bxa3 Nc3+ 16. Kf3 Nxb1 17. Nxb1 Rc1 18.
Nd2 g5 19. Bg3 f5 20. h3 gxf4 21. Bxf4 h5 22. Be2 Rc3 23. Be5 Rxe3+ 24. Kf4 Rxe5 25. dxe5 Nf2 26. Rh2 Rg8 27. g3 Ne4 28. Bxh5+ Kd8 29. Nxe4 fxe4 30. Bg4 b5 31. Ne2 a5 32. Nd4 Ke7 33. Rc2 b4 34. axb4 axb4 35. Rc7 b3 36.
Bxe6 b2 37. Rxd7+ Kf8 38. Rb7 1-0

[Event "Early-Titled-Tuesday-Blitz-April-16-2024"]
[Site "Chess.com"]
[Date "2024.04.16"]
[Round "3"]
[White "Martial2008"]
[Black "Levanzovsky"]
[Result "1-0"]
[WhiteElo "2653"]
[BlackElo "2483"]
[TimeControl "180+1"]
[EndTime "8:28:19 PDT"]
[Termination "Martial2008 won by resignation"]

1. d4 Nf6 2. Nf3 b6 3. Bg5 Ne4 4. Bh4 Bb7 5. Nbd2 g6 6. Nxe4 Bxe4 7. e3 Bg7 8. Bd3 Bxd3 9. Qxd3 O-O 10. O-O d6 11. c4 Qd7 12. Qe4 Nc6 13. d5 Ne5 14. Nxe5 Bxe5 15. Rab1 f5 16. Qd3 f4 17. exf4 Rxf4 18.
Bg3 Qf5 19. Qxf5 Rxf5 20. Rfe1 Bxg3 21. hxg3 Kf7 22. Re4 Re8 23. Rbe1 Rf6 24. R1e3 g5 25.
b4 e5 26. b5 a5 27. bxa6 Ra8 28. Ra3 Ra7 29. f3 Kg6 30. g4 Rf8 31. c5 bxc5 32.
Rea4 Rb8 33. Rb3 Rb6 34. Rxb6 cxb6 35. Kf2 Kf6 36. Ke3 b5 37. Ra5 b4 38. Kd3 e4+ 39.
Kxe4 c4 40. Kd4 c3 41. Kd3 Ke5 42. a3 bxa3 43. Kxc3 Rc7+ 44. Kb4 Ra7 45. Kxa3 Kf4 46. Kb4 Kg3 47. Ra2 Kf4 48. Kb5 1-0

[Event "Early-Titled-Tuesday-Blitz-April-16-2024"]
[Site "Chess.com"]
[Date "2024.04.16"]
[Round "3"]
[White "Durarbayli"]
[Black "Stanbad1"]
[Result "0-1"]
[WhiteElo "2868"]
[BlackElo "2576"]
[TimeControl "180+1"]
[EndTime "8:28:21 PDT"]
[Termination "Stanbad1 won by resignation"]

1. e4 e6 2. d4 d5 3. Nd2 Nf6 4. e5 Nfd7 5. c3 c5 6. Ngf3 Nc6 7. Bd3 Be7 8. O-O g5 9. dxc5 Ndxe5 10. Nxe5 Nxe5 11.
Bb5+ Bd7 12. Qe2 Ng6 13. Nb3 h6 14. Re1 Qc7 15. Bxd7+ Qxd7 16. Be3 O-O 17. Rad1 a5 18.
c4 a4 19. Nd4 e5 20. Nf3 d4 21. Bc1 f6 22. h4 Bxc5 23. Qe4 Qf7 24. h5 Ne7 25. Qxb7 Rfb8 26. Qc7 Rc8 27. Qd7 Qxh5 28. Nd2 Ra7 29. Qe6+ Qf7 30. Qh3 Kg7 31. Ne4 f5 32. Ng3 e4 33. b3 axb3 34. axb3 Ra2 35. Rd2 Rca8 36. Bb2 Rxb2 37. Rxb2 d3 38. Nf1 Bd4 39. Rbb1 Ra2 40. Ne3 f4 41. Nd1 e3 42. fxe3 fxe3 43. Nxe3 Nf5 44. Rf1 Bxe3+ 45. Kh1 Bf4 46. Qxd3 Qh5+ 47.
Qh3 Ng3+ 48. Kg1 Qxh3 49. gxh3 Be3+ 0-1

[Event "Early-Titled-Tuesday-Blitz-April-16-2024"]
[Site "Chess.com"]
[Date "2024.04.16"]
[Round "3"]
[White "becemix"]
[Black "xasid81"]
[Result "1-0"]
[WhiteElo "2492"]
[BlackElo "2623"]
[TimeControl "180+1"]
[EndTime "8:28:21 PDT"]
[Termination "becemix won by checkmate"]

1. e4 e6 2. d4 d5 3. Nd2 Nc6 4. Ngf3 Nf6 5. e5 Nd7 6. c3 f6 7. exf6 Nxf6 8. Bd3 Bd6 9. Nf1 e5 10. dxe5 Nxe5 11. Nxe5 Bxe5 12. Qe2 O-O 13. Be3 Ng4 14. O-O-O c6 15. Kb1 Qh4 16. g3 Qf6 17. f4 Bd6 18.
Bd4 Qf7 19. h3 Nf6 20. Ne3 Re8 21. Qc2 Ne4 22. Ng4 Bf5 23. Be5 Bxg4 24. hxg4 Bxe5 25. Bxe4 dxe4 26. Qxe4 Bf6 27. Qxh7+ Kf8 28. g5 Be7 29.
Qe4 g6 30. Qd4 Qg7 31. Rh8+ Kf7 32. Qc4# 1-0

[Event "Early-Titled-Tuesday-Blitz-April-16-2024"]
[Site "Chess.com"]
[Date "2024.04.16"]
[Round "3"]
[White "AndrewB92"]
[Black "HajiyevKanan"]
[Result "0-1"]
[WhiteElo "2462"]
[BlackElo "2633"]
[TimeControl "180+1"]
[EndTime "8:28:22 PDT"]
[Termination "HajiyevKanan won on time"]

1. d4 d5 2. c4 c6 3. Nf3 Nf6 4. Nc3 a6 5. e3 Bg4 6. Be2 e6 7. h3 Bxf3 8. Bxf3 Bd6 9. b3 O-O 10. O-O Qe7 11. Bb2 Ba3 12. Rb1 Bxb2 13. Rxb2 Qb4 14. Qd2 Nbd7 15. e4 dxe4 16. Nxe4 Qxd2 17. Nxf6+ Nxf6 18. Rxd2 Rad8 19. Rfd1 Rd7 20. Kf1 Rfd8 21. Ke2 Kf8 22. g4 g5 23. Ke3 Ng8 24. Be4 Kg7 25. f4 h6 26. c5 Nf6 27. b4 Nd5+ 28. Bxd5 Rxd5 29. fxg5 hxg5 30. a4 Rh8 31. Rh1 Rhd8 32.
Rhd1 Rh8 33. Rh1 f5 34. gxf5 exf5 35. Rg2 Kf6 36. b5 axb5 37. axb5 Re8+ 38. Kd3 Re4 39.
bxc6 Rdxd4+ 40. Kc3 Rc4+ 41. Kb3 bxc6 42. Rc2 Rxc2 43. Kxc2 Rc4+ 44. Kd3 Rxc5 45. Kd4 Rd5+ 46. Ke3 Ke5 47. Ra1 f4+ 48. Kf2 c5 49. Ra8 Rd2+ 50. Kf3 Rd3+ 51. Kg2 Rg3+ 52. Kh2 c4 53. Re8+ Kd4 54. Rd8+ Kc5 55. Rc8+ Kb4 56. Rb8+ Ka3 57. h4 gxh4 58. Rf8 c3 59. Rxf4 c2 60. Rxh4 Rc3 0-1

[Event "Early-Titled-Tuesday-Blitz-April-16-2024"]
[Site "Chess.com"]
[Date "2024.04.16"]
[Round "3"]
[White "Ramil_Faizrakhmanov"]
[Black "CrushingKings"]
[Result "1/2-1/2"]
[WhiteElo "2900"]
[BlackElo "2604"]
[TimeControl "180+1"]
[EndTime "8:28:25 PDT"]
[Termination "Game drawn - insufficient material"]

1. d4 g6 2. c4 Bg7 3. e4 d6 4.
Nf3 Nd7 5. Nc3 e5 6. Be3 Bh6 7. Bxh6 Nxh6 8. Qd2 Ng4 9. h3 Ngf6 10. Qh6 exd4 11. Nxd4 Qe7 12. f3 Qf8 13. Qxf8+ Kxf8 14. Nd5 Ne8 15. O-O-O a6 16. h4 h5 17. Be2 Kg7 18. b3 Nc5 19. b4 Ne6 20. Kb2 Bd7 21.
a3 Rd8 22. Rd2 Nxd4 23. Rxd4 Be6 24. Rc1 Bxd5 25. cxd5 Rd7 26. b5 a5 27. b6 cxb6 28.
Bb5 Re7 29. Rdc4 f5 30. exf5 gxf5 31. Rc8 Nf6 32. R1c7 Nxd5 33. Rxe7+ Nxe7 34. Rc7 Kf6 35. Rxb7 Rg8 36. Rxb6 Rxg2+ 37. Kb3 Ke5 38. Ra6 Rf2 39. Rxa5 Rxf3+ 40. Kc2 Nd5 41. Be2 Rh3 42. Bxh5 Rxh4 43. Bf7 Rc4+ 44. Kd3 Rc3+ 45. Kd2 Rc5 46. Rxc5 dxc5 47.
a4 Kd4 48. a5 Nb4 49. Ke2 c4 50. Kf3 c3 51. Bb3 Kc5 52. Kf4 c2 53. Bxc2 Nxc2 54. Kxf5 Kb5 55. a6 Kxa6 1/2-1/2

[Event "Early-Titled-Tuesday-Blitz-April-16-2024"]
[Site "Chess.com"]
[Date "2024.04.16"]
[Round "3"]
[White "CD3m"]
[Black "stratacticos"]
[Result "1-0"]
[WhiteElo "2338"]
[BlackElo "1878"]
[TimeControl "180+1"]
[EndTime "8:28:25 PDT"]
[Termination "CD3m won on time"]

1. d4 Nf6 2. Bg5 Ne4 3. Bf4 c5 4. e3 Qb6 5. Nc3 Nxc3 6. bxc3 Nc6 7. Nf3 g6 8. Be2 Bg7 9. h4 h6 10. Kf1 d6 11. Qd2 Bg4 12. Ng1 Bf5 13. g4 Bd7 14. Kg2 e5 15. dxe5 Nxe5 16. Bg3 Bc6+ 17. f3 Rd8 18. e4 O-O 19. Nh3 Nxg4 20. fxg4 Bxe4+ 21. Bf3 Qc6 22. Rhf1 f5 23. gxf5 Rxf5 24. Bxe4 Qxe4+ 25. Kh2 Rdf8 26. Rxf5 Rxf5 27. Re1 Qg4 28. Qxd6 Bf8 29. Qe6+ Kh8 30. Be5+ Rxe5 31. Qxg4 Rxe1 32. Qxg6 1-0

[Event "Early-Titled-Tuesday-Blitz-April-16-2024"]
[Site "Chess.com"]
[Date "2024.04.16"]
[Round "3"]
[White "Alonmindlin"]
[Black "artin10862"]
[Result "1-0"]
[WhiteElo "2680"]
[BlackElo "2937"]
[TimeControl "180+1"]
[EndTime "8:28:28 PDT"]
[Termination "Alonmindlin won on time"]

1. d4 d5 2. c4 e6 3. Nc3 Nf6 4. Bg5 Be7 5. e3 O-O 6. Nf3 Nbd7 7. c5 c6 8. Bd3 Ne8 9. Bf4 b6 10. b4 a5 11. a3 Ba6 12. b5 cxb5 13. c6 Nb8 14.
Ne5 Nc7 15. Qb1 h6 16. Nxb5 Bxb5 17. Bxb5 Bd6 18. O-O Re8 19. Rc1 Nba6 20. Bd3 b5 21. Bh7+ Kf8 22. Qd3 Ke7 23. Qe2 f6 24. Ng6+ Kf7 25.
Qh5 Bxf4 26. Nxf4+ Ke7 27. Qg4 Kf8 28. Ng6+ Kf7 29. Qh5 f5 30. Rab1 Rb8 31. h4 Kf6 32.
Ne5 Ke7 33. Nd7 Kd6 34. Nxb8 Qxb8 35. Qf3 Re7 36. Qg3+ e5 37. dxe5+ Rxe5 38. Qxg7 Qe8 39. Bg8 Qe7 40. Qxh6+ Ne6 41. Bxe6 Rxe6 42. Qf4+ 1-0

[Event "Early-Titled-Tuesday-Blitz-April-16-2024"]
[Site "Chess.com"]
[Date "2024.04.16"]
[Round "3"]
[White "NigiriSushies"]
[Black "GlavkonVVS"]
[Result "1-0"]
[WhiteElo "2415"]
[BlackElo "2583"]
[TimeControl "180+1"]
[EndTime "8:28:28 PDT"]
[Termination "NigiriSushies won by resignation"]

1. e4 Nf6 2. e5 Nd5 3. d4 d6 4. exd6 cxd6 5. Nf3 Bg4 6. Be2 e6 7. h3 Bh5 8. O-O Be7 9. Nc3 Nxc3 10. bxc3 Nd7 11.
c4 Rc8 12. Ba3 Qa5 13. Qc1 O-O 14. Rb1 Bxf3 15. Bxf3 b6 16. Be2 e5 17. Rb5 Qa4 18.
dxe5 Nxe5 19. Rxe5 dxe5 20. Bxe7 Rfe8 21. Qa3 Qxc2 22. Bg4 Rc7 23. Bd6 Rxc4 24. Qxa7 f5 25. Bh5 g6 26. Bd1 Qd3 27. Bxe5 Rxe5 28. Qb8+ Kg7 29.
Qxe5+ Kh6 30. Bb3 Re4 31. Qb8 Qd4 32. Qf8+ Kg5 33. Qf7 h5 34. Qd5 Qc3 35. Qd8+ Qf6 36.
f4+ Rxf4 37. Qxf6+ Kxf6 38. Rxf4 1-0

[Event "Early-Titled-Tuesday-Blitz-April-16-2024"]
[Site "Chess.com"]
[Date "2024.04.16"]
[Round "3"]
[White "Andrei_Skvortsov"]
[Black "AryanTari"]
[Result "0-1"]
[WhiteElo "2653"]
[BlackElo "2939"]
[TimeControl "180+1"]
[EndTime "8:28:29 PDT"]
[Termination "AryanTari won on time"]

1. e4 e5 2. d4 exd4 3. Qxd4 Nc6 4. Qd3 Nf6 5. Nc3 Bc5 6. Qg3 O-O 7. Bg5 Be7 8. Be3 Bb4 9. Bd3 d5 10. exd5 Nxd5 11. Bh6 Qf6 12. Bg5 Bxc3+ 13. Kf1 Be5 14. Qh4 Ne3+ 15. Ke2 Nf5 16. Bxf6 Nxh4 17. Bxh4 Bxb2 18.
Rb1 Bd4 19. Nf3 Bb6 20. Kd2 Bg4 21. Ng5 h6 22. Ne4 Rfe8 23. f3 Be6 24. a4 Ne5 25. Bb5 c6 26. Be2 f5 27. Nc3 g5 28. Be1 Bc4 29.
Bxc4+ Nxc4+ 30. Kd3 Na3 0-1

[Event "Early-Titled-Tuesday-Blitz-April-16-2024"]
[Site "Chess.com"]
[Date "2024.04.16"]
[Round "3"]
[White "bazar-wokzal"]
[Black "NewYearGirl"]
[Result "0-1"]
[WhiteElo "2573"]
[BlackElo "2375"]
[TimeControl "180+1"]
[EndTime "8:28:29 PDT"]
[Termination "NewYearGirl won by checkmate"]

1. e4 c5 2. c3 d5 3. exd5 Nf6 4.
Bb5+ Nbd7 5. c4 a6 6. Bxd7+ Bxd7 7. Nf3 e6 8. dxe6 Bxe6 9. d3 Be7 10. O-O O-O 11. Nc3 Qc7 12. h3 Rad8 13. Qc2 Nd7 14. Bg5 Nb8 15. Rfe1 Nc6 16. Bxe7 Qxe7 17. Nd5 Qd7 18.
Nf4 Bf5 19. Rad1 Nb4 20. Qb3 Qc7 21. g3 Nc6 22. Nd5 Rxd5 23. cxd5 Nb4 24. g4 Qf4 25. Ne5 f6 26. a3 fxe5 27. axb4 Bxg4 28. d6+ Kh8 29. Qc2 Bxh3 30. f3 Qg3+ 31. Kh1 Qxf3+ 32. Kh2 Bd7 33. Qg2 Qh5+ 34. Kg1 Bc6 35. Qg3 Rf3 36.
Qxe5 Qg4+ 37. Kh2 Rh3# 0-1

[Event "Early-Titled-Tuesday-Blitz-April-16-2024"]
[Site "Chess.com"]
[Date "2024.04.16"]
[Round "3"]
[White "ProtectiveCarrot"]
[Black "Cheer_Down"]
[Result "0-1"]
[WhiteElo "2277"]
[BlackElo "2498"]
[TimeControl "180+1"]
[EndTime "8:28:29 PDT"]
[Termination "Cheer_Down won by checkmate"]

1. e4 e5 2. Nf3 Nc6 3. Bb5 a6 4. Ba4 Nf6 5. O-O Be7 6. d3 b5 7.
Bb3 d6 8. a3 Na5 9. Ba2 c5 10.
Nc3 Be6 11. b4 cxb4 12. axb4 Nc6 13. Nd5 Bxd5 14. exd5 Nxb4 15. Bb3 O-O 16. c4 bxc4 17. dxc4 a5 18. Bd2 Nd7 19. Ba4 Nc5 20. Bb5 f5 21. Qb1 Nbd3 22. Bc3 Bf6 23. Bc6 Ra7 24. Qb5 g5 25. Bxa5 Qe7 26. Bb6 Rxa1 27. Rxa1 Bg7 28. Ra7 Qf6 29. h4 gxh4 30. Bd7 e4 31. Nd2 Qd4 32.
Be6+ Kh8 33. Bxc5 dxc5 34. Qd7 Qxf2+ 35. Kh1 Qe1+ 36. Kh2 Be5+ 37. Kh3 Qg3# 0-1

[Event "Early-Titled-Tuesday-Blitz-April-16-2024"]
[Site "Chess.com"]
[Date "2024.04.16"]
[Round "3"]
[White "Tol_Tol"]
[Black "dontcatchmeifyoucant"]
[Result "1-0"]
[WhiteElo "2428"]
[BlackElo "2066"]
[TimeControl "180+1"]
[EndTime "8:28:29 PDT"]
[Termination "Tol_Tol won by resignation"]

1. d4 Nf6 2. c4 e6 3. Nc3 Bb4 4. e3 O-O 5. Bd3 d5 6. Nf3 c5 7. O-O Nc6 8. a3 Bxc3 9. bxc3 b6 10.
cxd5 exd5 11. Ne5 Qc7 12. f4 Ne4 13. c4 Nxe5 14. fxe5 Qc6 15. Bxe4 dxe4 16. d5 Qg6 17. Rf4 f5 18. e6 Qf6 19. Ra2 g5 20.
Rf1 Qg6 21. Raf2 Bb7 22. a4 Rae8 23. Bb2 Ba6 24. Qc2 h5 25. Qc3 Kh7 26. Rc1 f4 27.
Rcf1 Rf5 28. exf4 gxf4 29. Rxf4 Rg8 30. g3 Rxf4 31. Rxf4 Kh6 32. Rf6 1-0

[Event "Early-Titled-Tuesday-Blitz-April-16-2024"]
[Site "Chess.com"]
[Date "2024.04.16"]
[Round "3"]
[White "jaskol95"]
[Black "KuzubovYuriy"]
[Result "0-1"]
[WhiteElo "2538"]
[BlackElo "2913"]
[TimeControl "180+1"]
[EndTime "8:28:30 PDT"]
[Termination "KuzubovYuriy won by resignation"]

1. d4 g6 2. e4 Bg7 3. Nc3 a6 4. a4 d6 5. Be3 Nc6 6. Nf3 Bg4 7. Be2 Nf6 8. h3 Bxf3 9. Bxf3 O-O 10. h4 h5 11. g3 e5 12. d5 Ne7 13. O-O c6 14.
dxc6 bxc6 15. Qd2 Rb8 16. b3 d5 17. Bc5 d4 18. Nd1 Kh7 19. Nb2 Re8 20. Nc4 Nc8 21.
Rfd1 Nd7 22. Bd6 Bh6 23. Qd3 Nxd6 24. Nxd6 Nc5 25. Nxf7 Qf6 26. Qc4 Qxf3 27. Nxh6 Ne6 28. Qxa6 Kxh6 29. Qxc6 Rbc8 30. Qd7 Rxc2 31. Rf1 Ng7 32.
a5 Rf8 33. Qh3 Rxf2 34. Rxf2 Qxf2+ 35. Kh1 d3 36. Qg2 Qxg2+ 37. Kxg2 Ne6 38. b4 Nd4 39. Rd1 Nc2 40. Rxd3 Ne1+ 41. Kh3 Nxd3 42. b5 Nc5 43. a6 Ra8 44. g4 Nxa6 45. bxa6 Rxa6 46. g5+ Kg7 47. Kg3 0-1

[Event "Early-Titled-Tuesday-Blitz-April-16-2024"]
[Site "Chess.com"]
[Date "2024.04.16"]
[Round "3"]
[White "MyDream003"]
[Black "Jospem"]
[Result "1-0"]
[WhiteElo "2802"]
[BlackElo "3066"]
[TimeControl "180+1"]
[EndTime "8:28:31 PDT"]
[Termination "MyDream003 won on time"]

1. Nf3 c5 2. c4 Nc6 3. g3 g6 4. Bg2 Bg7 5. Nc3 d6 6. b3 e6 7.
Bb2 Nge7 8. O-O O-O 9. e3 e5 10.
d3 Rb8 11. Nd2 Be6 12. Qe2 d5 13. cxd5 Nxd5 14. Nxd5 Bxd5 15. Bxd5 Qxd5 16. Rfd1 b6 17. Nc4 Rbd8 18. e4 Qe6 19. Ne3 Rd7 20. Nd5 Rfd8 21.
a3 Ne7 22. Nxe7+ Qxe7 23. Bc3 Qe6 24. Qc2 a5 25. b4 cxb4 26. axb4 Rc8 27. Qb2 Rdc7 28.
Rdc1 a4 29. Rxa4 Qd7 30. Raa1 Qxd3 31. Bd2 Rc2 32. Rxc2 Rxc2 33. Ra8+ Bf8 34. Bh6 Qd1+ 35. Kg2 1-0

[Event "Early-Titled-Tuesday-Blitz-April-16-2024"]
[Site "Chess.com"]
[Date "2024.04.16"]
[Round "3"]
[White "Kotlyar_K"]
[Black "ChadBiryani"]
[Result "0-1"]
[WhiteElo "2690"]
[BlackElo "2476"]
[TimeControl "180+1"]
[EndTime "8:28:33 PDT"]
[Termination "ChadBiryani won on time"]

1. d4 f5 2. c4 Nf6 3. g3 g6 4. Bg2 Bg7 5. Nf3 O-O 6. O-O d6 7. Nc3 c6 8. Rb1 a5 9. Qb3 e6 10. Bf4 Na6 11. Rfd1 Qe7 12. Na4 h6 13. Nb6 Ra7 14.
Nxc8 Rxc8 15. Qb6 Raa8 16. Qxa5 g5 17. Be3 Ng4 18. Bd2 Nc5 19. Qb6 Ne4 20. Be1 Rxa2 21. h3 Ngf6 22. Qb3 Rca8 23. Rbc1 Kh8 24. c5 dxc5 25.
dxc5 Nd5 26. Nd4 Nxc5 27. Qc4 Nd7 28. Qb3 Nc5 29. Qc4 Nd7 30. Qb3 N7f6 31. Qc2 f4 32. g4 Nd7 33. Qe4 Nc5 34. Qc2 Na4 35. Qe4 Rxb2 36. Rc2 Nc5 0-1

[Event "Early-Titled-Tuesday-Blitz-April-16-2024"]
[Site "Chess.com"]
[Date "2024.04.16"]
[Round "3"]
[White "SaiAgni_98"]
[Black "ferdipy"]
[Result "0-1"]
[WhiteElo "2481"]
[BlackElo "2273"]
[TimeControl "180+1"]
[EndTime "8:28:33 PDT"]
[Termination "ferdipy won on time"]

1. e4 e6 2. d4 d5 3. Nc3 Bb4 4.
Ne2 Nf6 5. e5 Nfd7 6. a3 Be7 7. f4 a6 8. Be3 c5 9. Qd2 Nc6 10. Nd1 cxd4 11. Nxd4 Nxd4 12. Bxd4 Nc5 13. Nf2 Bd7 14. Be2 Rc8 15. O-O O-O 16. Rad1 b5 17. b4 Na4 18. Bd3 Nb6 19. Ra1 Nc4 20. Qe2 f6 21. Qh5 f5 22. Qe2 Be8 23. c3 Kh8 24. Kh1 Rg8 25. Rg1 g5 26. fxg5 Rxg5 27. Nh3 Rg4 28.
Raf1 Bf7 29. Bxf5 exf5 30. e6+ Bf6 31. exf7 Bxd4 32. Rxf5 Re4 33. f8=Q+ Qxf8 34. Rxf8+ Rxf8 35. Qxe4 dxe4 36. cxd4 e3 37. Re1 Rd8 38. Nf4 Rxd4 39. g3 Rd2 40. Re2 Rxe2 41. Nxe2 Nxa3 42. Kg2 Kg7 43.
Kf3 Kf6 0-1